 Dungeon Sprint DCSS version 0.31-a0-920-g28cbb04a8c (webtiles) character file.

Game seed: 14851835303946935939

176 sircluck the Ruffian (level 5, -15/85 HPs)
             Began as a Troll Berserker on Oct 17, 2023.
             Was a High Priest of Trog.
             Demolished by a death yak (23 damage)
             ... in the Dungeon (Sprint VII: "The Pits").
             The game lasted 00:00:48 (243 turns).

sircluck the Ruffian (Troll Berserker)               Turns: 243, Time: 00:00:49

Health: -15/85     AC:  4    Str: 27    XL:     5   Next: 30%
Magic:  4/4        EV: 11    Int:  3    God:    Trog [*****.]
Gold:   0          SH:  0    Dex:  9    Spells: 4/4 levels left

rFire   . .          .
                       - Unarmed
rCold   . . .        (no shield)
rNeg    . . .        a - +0 animal skin
rPois   .            (helmet restricted)
rElec   .            (no cloak)
rCorr   .            (gloves unavailable)
SInv    .            (boots unavailable)
Will    .....        (no amulet) Stlth
                     (no ring)
HPRegen 1.14/turn    (no ring)
MPRegen 0.09/turn

%: no teleportation
@: berserking, very quick
A: large, unfitting armour, claws 3, regeneration 1, shaggy fur 1, tough skin 1
a: Renounce Religion, Berserk, Trog's Hand, Brothers in Arms


You were in the Dungeon.
You worshipped Trog.
Trog was extremely pleased with you.
You visited 1 branch

Inventory:

Armour
 a - a +0 animal skin (worn)
Scrolls
 g - a scroll of blinking
 i - 2 scrolls of vulnerability
 j - a scroll of butterflies
Potions
 b - 6 potions of curing
 c - 6 potions of heal wounds
 d - a potion of haste
 e - 4 potions of magic
 f - 3 potions of berserk rage
 h - 2 potions of invisibility


   Skills:
 + Level 5.1 Fighting
 + Level 4.6 Throwing
 + Level 5.1 Dodging
 + Level 6.2 Unarmed Combat


You had 4 spell levels left.
You didn't know any spells.
Your spell library was empty.

Dungeon Overview and Level Annotations

Branches:
Dungeon (1/1)

Altars:
Ashenzari
Cheibriados
Dithmenos
Elyvilon
Fedhas
Gozag
Hepliaklqana
Kikubaaqudgha
Makhleb
Nemelex Xobeh
Okawaru
Qazlal
Ru
Sif Muna
Trog
Uskayaw
Vehumet
Wu Jian
Xom
Yredelemnul
Zin
The Shining One
Jiyva
Lugonu


Innate Abilities, Weirdness & Mutations

You are too large for most types of armour.
You have claws for hands.
Your natural rate of healing is unusually fast.
You are covered in fur. (AC +1)
You have tough skin. (AC +1)


Message History

You claw the ball python!
You kill the ball python!
Trog accepts your kill.
No target in view!
No target in view!
No target in view!
No target in view!
No target in view!
No target in view!
You open the door.
A death yak comes into view.
The death yak bellows!
You mangle the death yak!!
The death yak is moderately wounded.
The death yak gores you!
You scratch the death yak.
The death yak is moderately wounded.
The death yak gores you!!
You barely miss the death yak.
The death yak is moderately wounded.
The death yak gores you!
You are too injured to fight recklessly!
A red film seems to cover your vision as you go berserk!
You feel yourself moving faster!
You feel mighty! The death yak gores you!
* * * LOW HITPOINT WARNING * * *
You claw the death yak!
The death yak is heavily wounded.
You claw the death yak!
The death yak is severely wounded.
The death yak gores you!
* * * LOW HITPOINT WARNING * * *
You scratch the death yak but do no damage.
The death yak is severely wounded.
You mangle the death yak!!
The death yak is almost dead.
The death yak completely misses you.
You barely miss the death yak.
The death yak is almost dead.
The death yak gores you!!
You die...

#.#........##.......#
#'###########.......#
#...)...# #########
#.###...# #.#.....#
#.#...#.#+#
#.....#.#.+
#...###.#Y#
#....)..@.#
###########


You could see a death yak.

Vanquished Creatures
  A necrophage (D)
  A crimson imp (D)
  A jelly (D)
  2 gnolls (D)
  2 ufetubi (D)
  A worm (D)
  An endoplasm (D)
  A giant cockroach (D)
  A hobgoblin (D)
  A kobold (D)
  A quokka (D)
  2 ball pythons (D)
  A ball python skeleton (D)
16 creatures vanquished.

Notes
Turn   | Place    | Note
-------+----------+-------------------------------------------
     0 | D        | sircluck the Troll Berserker began the quest for the Orb.
     0 | D        | Reached XP level 1. HP: 22/22 MP: 0/0
    43 | D        | Found a bloodstained altar of Trog.
    43 | D        | Found a shimmering blue altar of Sif Muna.
    43 | D        | Found a viscous altar of Jiyva.
    43 | D        | Found a hazy altar of Hepliaklqana.
    43 | D        | Found an opulent altar of Gozag.
    44 | D        | Found a glowing golden altar of the Shining One.
    44 | D        | Found a glowing silver altar of Zin.
    44 | D        | Found a basalt altar of Yredelemnul.
    44 | D        | Found a shimmering altar of Xom.
    44 | D        | Found an ornate altar of the Wu Jian Council.
    44 | D        | Found a sacrificial altar of Ru.
    44 | D        | Found a stormy altar of Qazlal.
    44 | D        | Found an iron altar of Okawaru.
    44 | D        | Found a sparkling altar of Nemelex Xobeh.
    44 | D        | Found a burning altar of Makhleb.
    44 | D        | Found a blossoming altar of Fedhas.
    44 | D        | Found a white marble altar of Elyvilon.
    44 | D        | Found a shadowy altar of Dithmenos.
    44 | D        | Found a snail-covered altar of Cheibriados.
    46 | D        | Found a radiant altar of Vehumet.
    46 | D        | Found a corrupted altar of Lugonu.
    47 | D        | Found a hide-covered altar of Uskayaw.
    47 | D        | Found an ancient bone altar of Kikubaaqudgha.
    47 | D        | Found a broken altar of Ashenzari.
    72 | D        | Reached ** piety under Trog
    77 | D        | Reached skill level 1 in Throwing
    77 | D        | Reached XP level 2. HP: 31/31 MP: 1/1
    89 | D        | Reached *** piety under Trog
    91 | D        | Reached skill level 4 in Unarmed Combat
    95 | D        | Reached XP level 3. HP: 22/39 MP: 2/2
   167 | D        | Reached **** piety under Trog
   170 | D        | Noticed a necrophage
   180 | D        | Reached skill level 5 in Unarmed Combat
   180 | D        | Reached XP level 4. HP: 27/49 MP: 3/3
   187 | D        | Killed a necrophage
   188 | D        | Reached skill level 5 in Fighting
   188 | D        | Reached skill level 5 in Dodging
   188 | D        | Reached skill level 6 in Unarmed Combat
   188 | D        | Reached XP level 5. HP: 26/57 MP: 4/4
   223 | D        | Reached ***** piety under Trog
   234 | D        | Noticed a death yak
   243 | D        | Demolished by a death yak

Illustrated notes

Levels and vault maps discovered:
D:        pitsprint [storerooms_1, entrance_room_1, metal_vault_1, armoury_2,
          mini_pit_1, grid_room_1, main_hall_1, silver_pit, the_coven_1,
          the_vestibule_1, steel_vault_5, golden_pit, hallway_of_sentries,
          crystal_vault_6, iron_vault_4, final_vault]

Skill      XL: |  1  2  3  4 |
---------------+-------------+-----
Fighting       | 3 4 5 |  5.1
Throwing       | 1 2 3 4 |  4.6
Dodging        | 3 4 5 |  5.1
Unarmed Combat | 4 5 6 |  6.2

Action                     |  1- 3 |  4- 6 || total
---------------------------+-------+-------++-------
  Melee: Unarmed           |    33 |    20 ||    53
         Punch             |     1 |       ||     1
  Throw: Stone             |    10 |       ||    10
 Invoke: Berserk           |       |     1 ||     1
 Armour: Animal skin       |    21 |    13 ||    34
  Dodge: Dodged            |    11 |     4 ||    15

Table legend: (Time is in decaauts)
 A = Elapsed time spent in this place.
 B = Non-inter-level travel time spent in this place.
 C = Inter-level travel time spent in this place.
 D = Time resting spent in this place.
 E = Time spent auto-exploring this place.
 F = Levels seen in this place.
 G = Mean time per level.
                   A        B        C        D        E       F      G
               +--------+--------+--------+--------+--------+-----+--------+
         Total |    236 |    236 |      0 |      0 |    113 |   1 |  236.0 |
       Dungeon |    236 |    236 |      0 |      0 |    113 |   1 |  236.0 |
               +--------+--------+--------+--------+--------+-----+--------+

Top non-repeatable levels by time:
       D: 236 daAuts
